AoeStats
← owengold23

Arabia

505363114Analyzed
1v1 RM · 24d ago on Sep 9, 2026· 31m 56s· 2 players
Game mode
Random Map
Map size
Tiny (2 player)
Population
200
Speed
Normal
Resources
Standard
Victory
Conquest
Starting age
Dark Age
Ending age
Imperial Age
RankedLock teamsTeams togetherTeam positionsShared explorationLock speedFull tech treeHidden civsTurbo modeCheats
Victory
Defeat
🇦🇺 Aztecs · Australia
1639
+13
🇧🇷 Malians · Brazil
1563
-13
TmZ_Noda
9:15 Feudal Age
9:55 Loom
10:19 Double-Bit Axe
14:31 Fletching
16:22 Padded Archer Armor
17:35 Gold Mining
27:24 Castle Age
25:55 Horse Collar
28:22 Bodkin Arrow
29:43 Crossbowman
30:28 Elite Skirmisher
31:52 Wheelbarrow
32:13 Leather Archer Armor
owengold23
6:34 Loom
9:25 Feudal Age
9:29 Man-at-Arms
12:24 Double-Bit Axe
16:36 Fletching
17:31 Arson
20:06 Scale Mail Armor
21:16 Padded Archer Armor
25:34 Castle Age
24:50 Horse Collar
26:25 Wheelbarrow
25:47 Elite Skirmisher
26:23 Bodkin Arrow
25:52 Long Swordsman
26:48 Chain Mail Armor
26:51 Bow Saw
27:17 Squires
28:32 Leather Archer Armor
Connection lost

Rejoining the realm…

Still unreachable

The connection could not be restored.

Session expired

The server has moved on; the page needs a fresh start.